| TOP OF THE 1ST |
|
Helena Brewers batting - Pitching for Miami (APP) Marlins : LHP David Zuniga
|
|
Pitching: LHP David Zuniga
|
|
|
Batting: RHB Mohammed bin Ubaida
|
0-0: Ball 1-0: Foul Ball, location: 2F 1-1: Ground out 5-3 (Groundball, 56S, EV 89.4 MPH)
|
|
Batting: LHB Jose Simental
|
0-0: Called Strike 0-1: Called Strike 0-2: Ground out U3 (Groundball, 3L, EV 110.6 MPH)
|
|
Batting: LHB John Fortin
|
0-0: Foul Ball, location: 2F 0-1: Ball 1-1: Ball 2-1: Foul Ball, location: 2F 2-2: Ball 3-2: Fly out, F6 (Line Drive, 6, EV 71.9 MPH)
|
| Top of the 1st over - 0 runs, 0 hits, 0 errors, 0 left on base; Helena 0 - Miami (APP) 0 |
| BOTTOM OF THE 1ST |
|
Miami (APP) Marlins batting - Pitching for Helena Brewers : LHP Taek-hyun Kim
|
|
Pitching: LHP Taek-hyun Kim
|
|
|
Batting: RHB Robbie Gomez
|
0-0: Called Strike 0-1: Called Strike 0-2: Foul Ball, location: 2F 0-2: Ball 1-2: Foul Ball, location: 2F 1-2: Foul Ball, location: 2F 1-2: Strikes out swinging, 2-3 out at first.
|
|
Batting: RHB Tony Ledezma
|
0-0: Called Strike 0-1: Ball 1-1: Ball 2-1: Ball 3-1: Base on Balls
|
|
Batting: RHB David Martin
|
0-0: Called Strike 0-1: Ball 1-1: Called Strike 1-2: Strikes out swinging
|
|
Batting: RHB George Boivin
|
0-0: Ball 1-0: Ball 2-0: Called Strike 2-1: Swinging Strike 2-2: Ball 3-2: Strikes out swinging
|
| Bottom of the 1st over - 0 runs, 0 hits, 0 errors, 1 left on base; Helena 0 - Miami (APP) 0 |
| TOP OF THE 2ND |
|
Helena Brewers batting - Pitching for Miami (APP) Marlins : LHP David Zuniga
|
|
Batting: LHB Sal Burgos
|
0-0: Ball 1-0: Called Strike 1-1: Swinging Strike 1-2: Ball 2-2: Ball 3-2: Base on Balls
|
|
Batting: RHB Tony Beaumond
|
0-0: Ball 1-0: Swinging Strike 1-1: Ball 2-1: 2-RUN HOME RUN (Line Drive, 89XD, EV 106.2 MPH), Distance : 435 ft
|
|
Batting: LHB Fumito Sakurai
|
0-0: Ball 1-0: Ball 2-0: Called Strike 2-1: Ball 3-1: Swinging Strike 3-2: Fly out, F7 (Flyball, 78S, EV 94.4 MPH)
|
|
Batting: RHB Frank Pena
|
0-0: Ball 1-0: Swinging Strike 1-1: Swinging Strike 1-2: Foul Ball, location: 2F 1-2: Ball 2-2: Foul Ball, location: 2F 2-2: Foul Ball, location: 2F 2-2: Foul Ball, location: 2F 2-2: Strikes out swinging
|
|
Batting: LHB Greg Reedy
|
0-0: Called Strike 0-1: Ball 1-1: Ball 2-1: Swinging Strike 2-2: Foul Ball, location: 2F 2-2: Foul Ball, location: 2F 2-2: SINGLE (Line Drive, 8RS, EV 105.6 MPH)
|
|
Batting: RHB Justin Marino
|
0-0: Called Strike 0-1: Ball 1-1: Foul Ball, location: 2F 1-2: Foul Ball, location: 2F 1-2: Strikes out swinging
|
| Top of the 2nd over - 2 runs, 2 hits, 0 errors, 1 left on base; Helena 2 - Miami (APP) 0 |
| BOTTOM OF THE 2ND |
|
Miami (APP) Marlins batting - Pitching for Helena Brewers : LHP Taek-hyun Kim
|
|
Batting: RHB Rick English
|
0-0: SINGLE (Groundball, 6, EV 96.9 MPH)
|
|
Batting: RHB Adrian Bocker
|
0-0: Called Strike 0-1: Ground out 4-3 (Groundball, 4, EV 83.8 MPH) Rick English to second
|
|
Batting: RHB Axel Moltke
|
0-0: Called Strike 0-1: Foul Ball, location: 2F 0-2: Ball 1-2: Ball 2-2: Strikes out swinging
|
|
Batting: RHB Terrell Smith
|
0-0: Called Strike 0-1: Ball 1-1: Swinging Strike 1-2: Ball 2-2: Strikes out looking
|
| Bottom of the 2nd over - 0 runs, 1 hit, 0 errors, 1 left on base; Helena 2 - Miami (APP) 0 |
| TOP OF THE 3RD |
|
Helena Brewers batting - Pitching for Miami (APP) Marlins : LHP David Zuniga
|
|
Batting: RHB Mohammed bin Ubaida
|
0-0: Ball 1-0: Foul Ball, location: 2F 1-1: Called Strike 1-2: Ball 2-2: DOUBLE (Line Drive, 8LXD, EV 108.8 MPH)
|
|
Batting: LHB Jose Simental
|
0-0: Swinging Strike 0-1: Called Strike Mohammed bin Ubaida steals 3rd base 0-2: Strikes out swinging
|
|
Batting: LHB John Fortin
|
0-0: Called Strike 0-1: Ball 1-1: Reached on error, E6 (Groundball, 6S, EV 80.6 MPH) Mohammed bin Ubaida scores
|
|
Batting: LHB Sal Burgos
|
0-0: Called Strike 0-1: Fly out, F7 (Flyball, 7, EV 90.0 MPH)
|
|
Batting: RHB Tony Beaumond
|
0-0: Foul Ball, location: 2F 0-1: Ball 1-1: Foul Ball, location: 2F 1-2: Foul Ball, location: 2F 1-2: Ball 2-2: Ground out 3-1 (Groundball, 34S, EV 87.5 MPH)
|
| Top of the 3rd over - 1 run, 1 hit, 1 error, 1 left on base; Helena 3 - Miami (APP) 0 |
| BOTTOM OF THE 3RD |
|
Miami (APP) Marlins batting - Pitching for Helena Brewers : LHP Taek-hyun Kim
|
|
Batting: LHB Freddy Monge
|
0-0: Called Strike 0-1: Fly out, F8 (Line Drive, 89M, EV 88.8 MPH)
|
|
Batting: RHB Robbie Gomez
|
0-0: Called Strike 0-1: Ball 1-1: Ball 2-1: Foul Ball, location: 2F 2-2: SINGLE (Groundball, 6MD, EV 95.6 MPH)
|
|
Batting: RHB Tony Ledezma
|
0-0: Ball 1-0: Foul Ball, location: 2F 1-1: Grounds into double play, 4-6-3 (Groundball, 4, EV 102.5 MPH)
|
| Bottom of the 3rd over - 0 runs, 1 hit, 0 errors, 0 left on base; Helena 3 - Miami (APP) 0 |
| TOP OF THE 4TH |
|
Helena Brewers batting - Pitching for Miami (APP) Marlins : LHP David Zuniga
|
|
Batting: LHB Fumito Sakurai
|
0-0: Called Strike 0-1: Foul Ball, location: 2F 0-2: Ball 1-2: Strikes out swinging
|
|
Batting: RHB Frank Pena
|
0-0: Ball 1-0: Foul Ball, location: 2F 1-1: Foul Ball, location: 2F 1-2: Ball 2-2: Fly out, F7 (Flyball, 7S, EV 73.1 MPH)
|
|
Batting: LHB Greg Reedy
|
0-0: Ball 1-0: Foul Ball, location: 2F 1-1: SINGLE (Flyball, 6MD, EV 90.0 MPH)
|
|
Pitching: RHP Aidan Mitchell
|
|
|
Batting: RHB Justin Marino
|
0-0: Ball 1-0: Called Strike 1-1: Ball Greg Reedy steals 2nd base 2-1: Ball 3-1: Base on Balls
|
|
Batting: RHB Mohammed bin Ubaida
|
0-0: Foul Ball, location: 2F 0-1: Ball 1-1: Called Strike 1-2: Ball 2-2: Strikes out swinging
|
| Top of the 4th over - 0 runs, 1 hit, 0 errors, 2 left on base; Helena 3 - Miami (APP) 0 |
| BOTTOM OF THE 4TH |
|
Miami (APP) Marlins batting - Pitching for Helena Brewers : LHP Taek-hyun Kim
|
|
Batting: RHB David Martin
|
0-0: Ball 1-0: Ball 2-0: Called Strike 2-1: Ball 3-1: Base on Balls
|
|
Batting: RHB George Boivin
|
0-0: Ball 1-0: Ball 2-0: Reached on error, E6 (Groundball, 6, EV 93.8 MPH) David Martin to second
|
|
Batting: RHB Rick English
|
0-0: Fly out, F9 (Flyball, 89D, EV 96.9 MPH)
|
|
Batting: RHB Adrian Bocker
|
0-0: Ball 1-0: Foul Ball, location: 2F 1-1: Foul Ball, location: 2F 1-2: Fly out, F8 (Line Drive, 8LD, EV 85.6 MPH)
|
|
Batting: RHB Axel Moltke
|
0-0: Ball 1-0: DOUBLE (Line Drive, 7LD, EV 102.5 MPH) David Martin scores George Boivin to third
|
|
Batting: RHB Terrell Smith
|
0-0: Called Strike 0-1: Ball 1-1: Called Strike 1-2: Ball 2-2: Foul Ball, location: 2F 2-2: Strikes out looking
|
| Bottom of the 4th over - 1 run, 1 hit, 1 error, 2 left on base; Helena 3 - Miami (APP) 1 |
| TOP OF THE 5TH |
|
Helena Brewers batting - Pitching for Miami (APP) Marlins : RHP Aidan Mitchell
|
|
Batting: LHB Jose Simental
|
0-0: Called Strike 0-1: Ball 1-1: Ball 2-1: Fly out, F7 (Flyball, 7S, EV 83.8 MPH)
|
|
Batting: LHB John Fortin
|
0-0: Foul Ball, location: 2F 0-1: Called Strike 0-2: Ball 1-2: Fly out, F5 (Flyball, 5D, EV 85.0 MPH)
|
|
Batting: LHB Sal Burgos
|
0-0: Ball 1-0: Called Strike 1-1: Foul Ball, location: 2F 1-2: Foul Ball, location: 2F 1-2: Strikes out swinging
|
| Top of the 5th over - 0 runs, 0 hits, 0 errors, 0 left on base; Helena 3 - Miami (APP) 1 |
| BOTTOM OF THE 5TH |
|
Miami (APP) Marlins batting - Pitching for Helena Brewers : LHP Taek-hyun Kim
|
|
Batting: LHB Freddy Monge
|
0-0: DOUBLE (Line Drive, 89D, EV 110.6 MPH)
|
|
Batting: RHB Robbie Gomez
|
0-0: Ball 1-0: Called Strike 1-1: Called Strike 1-2: Foul Ball, location: 2F 1-2: Ball 2-2: Strikes out swinging
|
|
Batting: RHB Tony Ledezma
|
0-0: Called Strike 0-1: Foul Ball, location: 2F 0-2: Ball 1-2: Ball 2-2: Ball 3-2: Ground out 3-1 (Groundball, 34, EV 84.4 MPH) Freddy Monge to third
|
|
Batting: RHB David Martin
|
0-0: Ball 1-0: Swinging Strike 1-1: Called Strike 1-2: Strikes out looking
|
| Bottom of the 5th over - 0 runs, 1 hit, 0 errors, 1 left on base; Helena 3 - Miami (APP) 1 |
| TOP OF THE 6TH |
|
Helena Brewers batting - Pitching for Miami (APP) Marlins : RHP Aidan Mitchell
|
|
Batting: RHB Tony Beaumond
|
0-0: Called Strike 0-1: Called Strike 0-2: Ball 1-2: Ball 2-2: Strikes out swinging
|
|
Batting: LHB Fumito Sakurai
|
0-0: Called Strike 0-1: Ball 1-1: Called Strike 1-2: Foul Ball, location: 2F 1-2: Strikes out swinging
|
|
Batting: RHB Frank Pena
|
0-0: Called Strike 0-1: SINGLE (Groundball, 56D, EV 102.5 MPH)
|
|
Batting: LHB Greg Reedy
|
0-0: Foul Ball, location: 2F 0-1: Ball 1-1: Called Strike Frank Pena steals 2nd base 1-2: Ground out U3 (Groundball, 3, EV 82.5 MPH)
|
| Top of the 6th over - 0 runs, 1 hit, 0 errors, 1 left on base; Helena 3 - Miami (APP) 1 |
| BOTTOM OF THE 6TH |
|
Miami (APP) Marlins batting - Pitching for Helena Brewers : LHP Taek-hyun Kim
|
|
Batting: RHB George Boivin
|
0-0: Ball 1-0: Ball 2-0: Ball 3-0: Base on Balls
|
|
Batting: RHB Rick English
|
0-0: Called Strike 0-1: Swinging Strike 0-2: Strikes out swinging
|
|
Batting: RHB Adrian Bocker
|
0-0: Called Strike 0-1: SINGLE (Groundball, 5D, EV 110.6 MPH) George Boivin to second
|
|
Batting: RHB Axel Moltke
|
0-0: Ball 1-0: Ball 2-0: Foul Ball, location: 2F 2-1: Foul Ball, location: 2F 2-2: Ball 3-2: Foul Ball, location: 2F 3-2: Grounds into double play, 6-4-3 (Groundball, 6, EV 83.8 MPH)
|
| Bottom of the 6th over - 0 runs, 1 hit, 0 errors, 1 left on base; Helena 3 - Miami (APP) 1 |
| TOP OF THE 7TH |
|
Helena Brewers batting - Pitching for Miami (APP) Marlins : RHP Aidan Mitchell
|
|
Batting: RHB Justin Marino
|
0-0: Foul Ball, location: 2F 0-1: Called Strike 0-2: Ball 1-2: Strikes out looking
|
|
Batting: RHB Mohammed bin Ubaida
|
0-0: Called Strike 0-1: Foul Ball, location: 2F 0-2: Foul Ball, location: 2F 0-2: Ball 1-2: SINGLE (Line Drive, 5D, EV 96.2 MPH)
|
|
Pitching: RHP Elvis Calderon
|
|
|
Batting: LHB Jose Simental
|
0-0: Ball Mohammed bin Ubaida steals 2nd base 1-0: Foul Ball, location: 2F 1-1: Foul Ball, location: 2F 1-2: Foul Ball, location: 2F 1-2: Ball 2-2: Strikes out swinging
|
|
Batting: LHB John Fortin
|
0-0: Ground out 6-3 (Groundball, 6, EV 99.4 MPH)
|
| Top of the 7th over - 0 runs, 1 hit, 0 errors, 1 left on base; Helena 3 - Miami (APP) 1 |
| BOTTOM OF THE 7TH |
|
Miami (APP) Marlins batting - Pitching for Helena Brewers : LHP Taek-hyun Kim
|
|
Batting: RHB Terrell Smith
|
0-0: Called Strike 0-1: Foul Ball, location: 2F 0-2: Fly out, F9 (Flyball, 9S, EV 86.9 MPH)
|
|
Batting: LHB Freddy Monge
|
0-0: Ground out 5-3 (Groundball, 56, EV 83.8 MPH)
|
|
DELAY
|
Rain delay of 52 minutes in the 7th inning.
|
|
Pitching: LHP Brian Rich
|
|
|
Batting: RHB Robbie Gomez
|
0-0: DOUBLE (Line Drive, 9LS, EV 105.0 MPH)
|
|
Batting: RHB Tony Ledezma
|
0-0: Called Strike 0-1: Ball 1-1: Ball 2-1: Foul Ball, location: 2F 2-2: Ball 3-2: SINGLE (Line Drive, 56, EV 108.1 MPH) Robbie Gomez to third Runner from 3rd tries for Home, SAFE, throw by LF to home
|
|
Batting: RHB David Martin
|
0-0: Ball 1-0: Foul Ball, location: 2F 1-1: Swinging Strike 1-2: Ball 2-2: Ball 3-2: Ground out 6-3 (Groundball, 6, EV 83.1 MPH)
|
| Bottom of the 7th over - 1 run, 2 hits, 0 errors, 1 left on base; Helena 3 - Miami (APP) 2 |
| TOP OF THE 8TH |
|
Helena Brewers batting - Pitching for Miami (APP) Marlins : RHP Elvis Calderon
|
|
Batting: LHB Sal Burgos
|
0-0: Ball 1-0: Ball 2-0: Ball 3-0: Base on Balls
|
|
Batting: RHB Tony Beaumond
|
0-0: Ball 1-0: Swinging Strike 1-1: Ball 2-1: Ball 3-1: Swinging Strike 3-2: Base on Balls Sal Burgos to second
|
|
Batting: LHB Fumito Sakurai
|
0-0: Foul Ball, location: 2F 0-1: Grounds into double play, 4-6-3 (Groundball, 4, EV 76.9 MPH) Sal Burgos to third
|
|
Batting: RHB Frank Pena
|
0-0: Ball 1-0: Ball 2-0: SINGLE (Line Drive, 89S, EV 99.4 MPH) Sal Burgos scores
|
|
Batting: LHB Greg Reedy
|
0-0: Ball Frank Pena is caught stealing 2nd base 2-6
|
| Top of the 8th over - 1 run, 1 hit, 0 errors, 0 left on base; Helena 4 - Miami (APP) 2 |
| BOTTOM OF THE 8TH |
|
Miami (APP) Marlins batting - Pitching for Helena Brewers : LHP Brian Rich
|
|
Now in CF: Jesus Menjivar
|
|
|
Batting: RHB George Boivin
|
0-0: Ball 1-0: Ball 2-0: Ball 3-0: Base on Balls
|
|
Batting: RHB Rick English
|
0-0: Ball 1-0: Swinging Strike 1-1: Foul Ball, location: 2F 1-2: Ball 2-2: Foul Ball, location: 2F 2-2: Strikes out swinging
|
|
Batting: RHB Adrian Bocker
|
0-0: Grounds into double play, 6-4-3 (Groundball, 6, EV 88.1 MPH)
|
| Bottom of the 8th over - 0 runs, 0 hits, 0 errors, 0 left on base; Helena 4 - Miami (APP) 2 |
| TOP OF THE 9TH |
|
Helena Brewers batting - Pitching for Miami (APP) Marlins : RHP Elvis Calderon
|
|
Batting: LHB Greg Reedy
|
0-0: Ball 1-0: Foul Ball, location: 2F 1-1: Ball 2-1: Ball 3-1: Base on Balls
|
|
Pitching: RHP Tim Sherrill
|
|
|
Batting: RHB Justin Marino
|
0-0: Ball 1-0: Sac Bunt to 13 - play at first, batter OUT! 1-3 Greg Reedy to second
|
|
Batting: RHB Mohammed bin Ubaida
|
0-0: Ball Greg Reedy is caught stealing 3rd base 2-5 1-0: Ball 2-0: Called Strike 2-1: Foul Ball, location: 2F 2-2: Ball 3-2: Strikes out looking
|
| Top of the 9th over - 0 runs, 0 hits, 0 errors, 0 left on base; Helena 4 - Miami (APP) 2 |
| BOTTOM OF THE 9TH |
|
Miami (APP) Marlins batting - Pitching for Helena Brewers : LHP Brian Rich
|
|
Pitching: LHP Bill Dunham
|
|
|
Batting: RHB Axel Moltke
|
0-0: Foul Ball, location: 2F 0-1: Ball 1-1: Ball 2-1: Fly out, F9 (Flyball, 9S, EV 95.0 MPH)
|
|
Batting: RHB Terrell Smith
|
0-0: Ball 1-0: Swinging Strike 1-1: Called Strike 1-2: Strikes out swinging
|
|
Pinch Hitting: RHB Clark Meagher
|
0-0: Called Strike 0-1: Foul Ball, location: 2F 0-2: Strikes out swinging
|
| Bottom of the 9th over - 0 runs, 0 hits, 0 errors, 0 left on base; Helena 4 - Miami (APP) 2 |
|